 Dungeon Crawl Stone Soup version 0.25-a0-578-gc91f01c39c (webtiles) character file.

Game seed: 6412450870508329369, levelgen mode: deterministic

10176 Roikka the Blocker (level 11, -1/102 HPs)
             Began as a Minotaur Fighter on Mar 6, 2020.
             Was an Elder of Trog.
             Slain by a thrashing horror (7 damage)
             ... on level 1 of the Abyss.
             The game lasted 00:24:44 (11348 turns).

Roikka the Blocker (Minotaur Fighter)              Turns: 11348, Time: 00:24:45

Health: -1/102     AC:  9    Str: 25    XL:     11   Next: 32%
Magic:  10/10      EV:  8    Int:  5    God:    Trog [****..]
Gold:   582        SH:  0    Dex: 11    Spells: 10/10 levels left

rFire    . . .     SeeInvis +   y - +3 triple sword (flame)
rCold    . . .     Gourm    +   (shield currently unavailable)
rNeg     + . .     Faith    .   v - +0 chain mail
rPois    .         Spirit   .   (helmet restricted)
rElec    .         Reflect  .   (no cloak)
rCorr    .         Harm     .   (no gloves)
MR       .....                  (no boots)
Stlth    ..........             F - amulet of the gourmand
HPRegen  0.27/turn              G - ring of positive energy
MPRegen  0.12/turn              (no ring)

@: hasted, very quick
A: retaliatory headbutt, horns 2, see invisible, agile 1, subdued magic 1
a: Berserk, Trog's Hand, Brothers in Arms, Renounce Religion


You were on level 1 of the Abyss.
You worshipped Trog.
Trog was greatly pleased with you.
You were completely stuffed.

You visited 1 branch of the dungeon, and saw 12 of its levels.
You visited the Abyss 1 time.

You collected 582 gold pieces.

Inventory:

Hand Weapons
 a - a +1 long sword
 n - a +2 war axe of electrocution
 r - a +0 war axe of venom
 y - a +3 triple sword of flaming (weapon)
Missiles
 q - a throwing net (quivered)
 s - 3 datura-tipped darts
Armour
 b - a +0 scale mail
 c - a +0 kite shield
 v - a +0 chain mail (worn)
Jewellery
 F - an amulet of the gourmand (around neck)
 G - a ring of positive energy (left hand)
Wands
 x - a wand of polymorph (10)
 E - a wand of disintegration (14)
Scrolls
 e - 2 scrolls of identify
 g - a scroll of enchant weapon
 h - 2 scrolls of magic mapping
 k - 7 scrolls of remove curse
 l - 7 scrolls of teleportation
 m - a scroll of blinking
 B - a scroll of fear
 H - 2 scrolls of summoning
Potions
 d - a potion of might
 i - 2 potions of lignification
 o - 2 potions of berserk rage {unknown}
 p - a potion of curing
 t - a potion of flight {unknown}
 u - 2 potions of haste
 w - 2 potions of resistance {unknown}
 z - a potion of brilliance {unknown}
 C - a potion of stabbing {unknown}
 I - a potion of invisibility
Comestibles
 f - 20 rations


   Skills:
 + Level 11.0 Fighting
 * Level 8.5 Long Blades
 - Level 10.0 Axes
 - Level 3.6 Armour
 - Level 13.5 Shields


You had 10 spell levels left.
You didn't know any spells.
Your spell library contained the following spells:

 Spells                   Type           Power        Failure   Level  Hunger
 Magic Dart               Conj           #...         98%         1    ##.....
 Blink                    Tloc           N/A          99%         2    ###....
 Call Imp                 Summ           #.......     99%         2    ###....
 Slow                     Hex            #.......     99%         2    ###....
 Conjure Flame            Conj/Fire      #.......     100%        3    ####...
 Mephitic Cloud           Conj/Pois/Air  #.......     100%        3    ####...


Dungeon Overview and Level Annotations

Branches:
Dungeon (12/15)            Temple (0/1) D:7            Lair (0/6) D:8
    Orc (0/2) D:11

Altars:
Ashenzari
Fedhas
Gozag
Nemelex Xobeh
Okawaru
Qazlal
Trog
Vehumet
Xom
Zin
The Shining One

Annotations:
D:12 Sonja


Innate Abilities, Weirdness & Mutations

You reflexively headbutt those who attack you in melee.
You have a pair of horns on your head.
You have supernaturally acute eyesight. (SInv)
You are agile. (Dex +2)
Your spells are a little easier to cast, but a little less powerful.


Message History

You hold your ground!
The thrashing horror barely misses you.
The thrashing horror tramples you but does no damage.
The thrashing horror barely misses you.
The thrashing horror roars!
The thrashing horror closely misses you.
You riposte.
You closely miss the thrashing horror.
You headbutt the thrashing horror, but do no damage.
The thrashing horror tramples you.
* * * LOW HITPOINT WARNING * * *
You stumble backwards!
A small abomination comes into view.
The thrashing horror roars!
The thrashing horror tramples you!
* * * LOW HITPOINT WARNING * * *
You stumble backwards!
Unknown command.
You feel yourself speed up.
The thrashing horror roars!
The thrashing horror tramples you!
You die...

..# .. ..#
#### ..
##..##x
####.....#
....#..#.# ##.
#...@##....
###X....#
#....##.#
###....# #
#.#.X#.#
#..#..#.. .
#......##.#
#..###.#.. #
###.#..#..#...


You could see a thrashing horror, a large abomination and a small abomination.

Vanquished Creatures
  A two-headed ogre (D:9)
  A cyclops (D:11)
  2 hippogriffs
  8 yaks
  Eustachio (D:6)
  A basilisk (D:12)
  3 vampire mosquitoes
  A hungry ghost (D:11)
  Menkaure (D:4)
  An acid dragon (D:12)
  4 porcupines (D:8)
  4 water moccasins
  A hornet zombie (D:7)
  5 orc warriors
  3 ice beasts
  6 sky beasts
  2 black bears (D:8)
  A necrophage (D:8)
  4 phantoms
  3 centaurs
  5 ogres
  2 big kobolds
  7 bullfrogs
  Blork the orc (D:6)
  3 scorpions
  5 wights (D:11)
  7 howler monkeys
  3 crimson imps
  2 centaur zombies
  3 bullfrog zombies
  A centaur skeleton (D:8)
  2 orc priests
  A gnoll shaman (D:9)
  4 hounds
  5 jellies
  16 orc wizards
  A bullfrog skeleton (D:7)
  3 iguanas
  An iron imp (Abyss:1)
  7 worker ants
  8 ogre zombies (D:11)
  2 hound skeletons
  A worker ant zombie (D:6)
  2 howler monkey zombies
  15 gnolls
  4 adders
  4 shadow imps
  5 oozes (D:9)
  3 adder skeletons
  2 worms
  4 dart slugs
  4 leopard geckos
  40 orcs
  2 ball pythons (D:3)
  9 giant cockroaches
  3 goblins
  6 hobgoblins
  11 kobolds
  4 quokkas
  12 bats
  7 frilled lizards
  2 goblin skeletons (D:11)
  A goblin zombie (D:11)
  2 orc skeletons (D:11)
  20 orc zombies (D:11)
  2 quokka skeletons
  2 quokka zombies
  4 rats
  5 fungi (D:8)
  4 plants (D:8)
322 creatures vanquished.

Vanquished Creatures (others)
  A giant cockroach (D:3)
  15 fungi (D:8)
  2 plants (D:8)
18 creatures vanquished.

Grand Total: 340 creatures vanquished

Notes
Turn   | Place    | Note
-------+----------+-------------------------------------------
     0 | D:1      | Roikka the Minotaur Fighter began the quest for the Orb.
     0 | D:1      | Reached XP level 1. HP: 19/19 MP: 0/0
   266 | D:1      | Reached XP level 2. HP: 24/27 MP: 1/1
   269 | D:1      | Reached skill level 4 in Shields
   868 | D:2      | Reached XP level 3. HP: 33/33 MP: 2/2
  1345 | D:3      | Found a faded altar of an unknown god.
  1434 | D:3      | Reached XP level 4. HP: 38/40 MP: 3/3
  1611 | D:3      | Found a bloodstained altar of Trog.
  1635 | D:3      | Became a worshipper of Trog the Wrathful
  1775 | D:4      | Reached skill level 5 in Shields
  1943 | D:4      | Reached XP level 5. HP: 25/47 MP: 4/4
  2227 | D:4      | Noticed Menkaure
  2237 | D:4      | Killed Menkaure
  2237 | D:4      | Reached skill level 5 in Long Blades
  2237 | D:4      | Reached XP level 6. HP: 23/55 MP: 5/5
  2474 | D:4      | Reached skill level 6 in Shields
  2490 | D:4      | Found a shattered altar of Ashenzari.
  2690 | D:4      | Reached skill level 5 in Fighting
  2828 | D:4      | Found an iron altar of Okawaru.
  2828 | D:4      | Found a shimmering altar of Xom.
  2829 | D:4      | Found a glowing golden altar of the Shining One.
  3097 | D:5      | Entered Level 5 of the Dungeon
  3097 | D:5      | Noticed a sky beast
  3131 | D:5      | Killed a sky beast
  3131 | D:5      | Reached XP level 7. HP: 26/61 MP: 6/6
  3500 | D:5      | Reached skill level 1 in Axes
  3500 | D:5      | Reached skill level 7 in Shields
  3588 | D:5      | Reached * piety under Trog
  3912 | D:5      | Found a sparkling altar of Nemelex Xobeh.
  3964 | D:6      | Noticed Eustachio
  3975 | D:6      | Killed Eustachio
  3985 | D:6      | Noticed Blork the orc
  3994 | D:6      | Killed Blork the orc
  4099 | D:6      | Reached XP level 8. HP: 70/70 MP: 7/7
  4102 | D:6      | Reached skill level 8 in Shields
  4346 | D:6      | Found a blossoming altar of Fedhas.
  4346 | D:6      | Found a glowing silver altar of Zin.
  4557 | D:7      | Reached skill level 5 in Axes
  4736 | D:7      | Reached skill level 9 in Shields
  4805 | D:7      | Reached ** piety under Trog
  5048 | D:7      | Gained mutation: Your spells are a little easier to cast,
                  | but a little less powerful. [potion of mutation]
  5048 | D:7      | Gained mutation: You are agile. (Dex +2) [potion of
                  | mutation]
  5048 | D:7      | Gained mutation: You have supernaturally acute eyesight.
                  | (SInv) [potion of mutation]
  5080 | D:7      | Reached XP level 9. HP: 71/79 MP: 8/8
  5196 | D:7      | Found a stormy altar of Qazlal.
  5236 | D:7      | Reached skill level 10 in Shields
  5465 | D:7      | Found a staircase to the Ecumenical Temple.
  5994 | D:7      | Reached *** piety under Trog
  5994 | D:7      | Reached skill level 11 in Shields
  6518 | D:8      | Reached XP level 10. HP: 56/90 MP: 9/9
  6770 | D:7      | Reached skill level 12 in Shields
  6791 | D:8      | Found a staircase to the Lair.
  7130 | D:8      | Found an opulent altar of Gozag.
  7371 | D:8      | Found a radiant altar of Vehumet.
  7666 | D:9      | Reached **** piety under Trog
  7915 | D:9      | Noticed a two-headed ogre
  7923 | D:9      | Killed a two-headed ogre
  7923 | D:9      | Reached skill level 10 in Fighting
  7923 | D:9      | Reached skill level 13 in Shields
  8274 | D:10     | Entered Level 10 of the Dungeon
  8963 | D:11     | Found a staircase to the Orcish Mines.
  9035 | D:11     | Reached skill level 10 in Axes
  9035 | D:11     | Reached ***** piety under Trog
  9035 | D:11     | Received a gift from Trog
  9102 | D:11     | Reached XP level 11. HP: 52/100 MP: 10/10
 11251 | D:12     | Noticed Sonja
 11271 | D:12     | Cast into level 1 of the Abyss (Sonja)
 11337 | Abyss:1  | Noticed a thrashing horror
 11338 | Abyss:1  | Found a sacrificial altar of Ru.
 11348 | Abyss:1  | Slain by a thrashing horror

Levels and vault maps discovered:
D:1:      onia_arrival_mini_maze_b, layout_basic, serial_forest,
          infiniplex_forest_lined_3, infiniplex_forest_lined_ring,
          infiniplex_forest_clump_tiny, infiniplex_forest_clump_double,
          infiniplex_forest_side_room, infiniplex_forest_lined_corner
D:2:      layout_rooms, kennysheep_generic_room_10
D:3:      layout_basic, chequers_ecumenical_altar_simple, trog_book
D:4:      layout_loops_corners, nicolae_overflow_hidden_temple, first_ration,
          uniq_menkaure
D:5:      layout_basic, lemuel_coloured_pillars_altar
D:6:      layout_basic, amethyst_overflow_temple_binary, uniq_blork_the_orc,
          uniq_eustachio
D:7:      layout_basic, minmay_temple_entry_fiery, basic_altar
D:8:      layout_gridville, lemuel_round_altar, due_lair_maze_entry_diamond,
          nicolae_gozag_seed_capital
D:9:      layout_basic, hangedman_little_slice_of_home
D:10:     layout_basic
D:11:     layout_gridville, zombieorc2_lemuel
D:12:     layout_roguey, drop_trap, uniq_sonja, uniq_jorgrun
Abyss:1:  base:
D:11

Skill      XL: |  1  2  3  4  5  6  7  8  9 10 11 |
---------------+----------------------------------+-----
Shields        | 4 5 6 7 9 11 13 | 13.5
Long Blades    | 3 4 5 6 8 |  8.5
Fighting       | 4 5 6 7 8 10 11 | 11.0
Axes           | 3 6 8 10 | 10.0
Armour         | |  3.6

Action                   |  1- 3 |  4- 6 |  7- 9 | 10-12 || total
-------------------------+-------+-------+-------+-------++-------
Melee: Long sword        |   111 |    89 |     1 |       ||   201
       Headbutt          |    15 |    14 |    69 |    70 ||   168
       War axe           |       |       |   291 |   193 ||   484
       Triple sword      |       |       |       |   107 ||   107
Throw: Throwing net      |       |       |       |     1 ||     1
Invok: Brothers in Arms  |       |       |       |     1 ||     1
  Use: Scroll            |       |     6 |     4 |    11 ||    21
       Potion            |       |       |     4 |     7 ||    11
  Eat: Chunk             |     2 |     5 |    12 |    29 ||    48
Armor: Scale mail        |    50 |    31 |    58 |       ||   139
       Chain mail        |       |       |    38 |   100 ||   138
Dodge: Dodged            |    25 |    28 |    77 |   119 ||   249
Block: Kite shield       |    68 |    42 |   219 |   105 ||   434
       Rpst.: Long sword |     8 |     7 |       |       ||    15
       Triple sword      |       |       |       |    19 ||    19

Table legend:
 A = Non-vault XP
 B = Vault XP
 C = Vault XP percentage of total XP
 D = Non-vault monster count
 E = Vault monster count
 F = Vault count percentage of total count
                 A         B        C        D         E       F
            +---------+---------+-------+---------+---------+-------
      Total |   12091 |    2447 |  16.8 |     256 |      57 |  18.2
            +---------+---------+-------+---------+---------+-------
        D:1 |      39 |       0 |   0.0 |      21 |       0 |   0.0
        D:2 |      44 |       0 |   0.0 |      13 |       0 |   0.0
        D:3 |      32 |       0 |   0.0 |      16 |       0 |   0.0
        D:4 |     366 |     172 |  32.0 |      18 |       1 |   5.3
        D:5 |     481 |       0 |   0.0 |      23 |       0 |   0.0
        D:6 |     439 |     287 |  39.5 |      15 |       2 |  11.8
        D:7 |    2000 |     302 |  13.1 |      36 |       2 |   5.3
        D:8 |    2288 |     949 |  29.3 |      31 |       8 |  20.5
        D:9 |    2006 |     157 |   7.3 |      21 |       8 |  27.6
       D:10 |     953 |     165 |  14.8 |      13 |       2 |  13.3
       D:11 |    2000 |     415 |  17.2 |      30 |      34 |  53.1
       D:12 |    1404 |       0 |   0.0 |      18 |       0 |   0.0
    Abyss:1 |      39 |       0 |   0.0 |       1 |       0 |   0.0
            +---------+---------+-------+---------+---------+-------
